 Dungeon Crawl Stone Soup version 0.31-a0-256-g80acddb972 (webtiles) character file.

Game seed: 3035882270134237896

5208 Morbidden the Ruffian (level 10, -17/51 HPs)
             Began as a Demonspawn Shapeshifter on July 13, 2023.
             Was a Believer of Cheibriados.
             Demolished by a cyclops (shapeshifter) (26 damage)
             ... on level 9 of the Dungeon.
             The game lasted 00:14:44 (10225 turns).

Morbidden the Ruffian (Demonspawn Shapeshifter)    Turns: 10225, Time: 00:14:45

Health: -17/51     AC:  0    Str: 25    XL:     10   Next: 35%
Magic:  23/23      EV: 15    Int: 13    God:    Cheibriados [**....]
Gold:   431        SH:  6    Dex: 23    Spells: 15/15 levels left

rFire   . .          .
                       - Unarmed
rCold   . . .        (no shield)
rNeg    . . .        t - melded +1 scale mail
rPois   .            (no helmet)
rElec   .            (no cloak)
rCorr   .            (no gloves)
SInv    .            (no boots)
Will    .....        B - amulet of regeneration
Stlth   ++           d - ring of magical power
HPRegen 1.08/turn    l - +6 ring of dexterity
MPRegen 0.18/turn

%: no passive effects
@: maw-form, unable to drink, very slow
A: devouring maw, reduced hp, large bone plates 2, demonic guardian 1, demonic
touch 1, robust 1, no potion heal 1, inability to drink after injury 1
a: Renounce Religion, Bend Time


You were on level 9 of the Dungeon.
You worshipped Cheibriados.
Cheibriados was pleased with you.
You were a creature with a mouth for a stomach.
You visited 2 branches of the dungeon, and saw 10 of its levels.

You collected 431 gold pieces.

Inventory:

Missiles
 m - 75 stones
 o - 4 curare-tipped darts
 I - 10 poisoned darts (quivered)
 L - 5 boomerangs
Armour
 s - a +2 pair of gloves
 t - a +1 scale mail (melded)
Jewellery
 d - a ring of magical power (left hand)
 e - a ring of flight
 l - a +6 ring of dexterity (right hand)
 x - a ring of magical power
 B - an amulet of regeneration (around neck)
Talismans
 c - a beast talisman
 f - a serpent talisman
 G - a maw talisman
Wands
 a - a wand of charming (18)
 q - a wand of polymorph (3)
 A - a wand of iceblast (9)
 D - a wand of quicksilver (10)
 F - a wand of digging (8)
 J - a wand of mindburst (4)
Scrolls
 g - 7 scrolls of identify
 i - a scroll of blinking
 j - a scroll of teleportation
 n - a scroll of enchant weapon
 p - a scroll of fear
 r - a scroll of revelation
 w - a scroll of torment
 y - a scroll of vulnerability
 H - a scroll of amnesia
Potions
 b - 3 potions of degeneration
 h - 3 potions of might
 k - 2 potions of mutation
 z - a potion of lignification
 C - a potion of enlightenment {unknown}
 M - a potion of curing


   Skills:
 * Level 5.1 Fighting
 * Level 4.4 Throwing
 + Level 3.0 Armour
 * Level 5.0 Dodging
 + Level 1.5 Stealth
 + Level 2.3 Shields
 * Level 7.7 Unarmed Combat
 * Level 3.1 Spellcasting
 + Level 1.9 Transmutations
 * Level 3.2 Invocations
 + Level 1.3 Evocations
 * Level 5.4 Shapeshifting


You had 15 spell levels left.
You didn't know any spells.
Your spell library contained the following spells:

 Spells                   Type           Power      Damage    Failure   Level
 Wereblood                Tmut           7%         N/A       16%         2
 Blink                    Tloc           4%         N/A       34%         2
 Sublimation of Blood     Necr           2%         N/A       34%         2
 Hailstorm                Conj/Ice       2%         3d3       56%         3
 Manifold Assault         Tloc           2%         N/A       92%         4
 Summon Ice Beast         Ice/Summ       2%         N/A       92%         4
 Iskenderun's Battlesphe  Conj           2%         2d6       99%         5
 Leda's Unmaking          Conj/Erth      1%         9d1       100%        6
 Simulacrum               Ice/Necr       1%         N/A       100%        6
 Malign Gateway           Summ/Tloc      1%         N/A       100%        7
 Spellforged Servitor     Conj/Summ      1%         N/A       100%        7
 Summon Hydra             Summ           1%         N/A       100%        7
 Summon Horrible Things   Summ           1%         N/A       100%        8


Dungeon Overview and Level Annotations

Branches:
Dungeon (9/15)             Temple (1/1) D:5
   Lair: D:8-11         Orc: D:9-12

Altars:
Ashenzari
Cheibriados
Dithmenos
Fedhas
Gozag
Hepliaklqana
Kikubaaqudgha
Makhleb
Nemelex Xobeh
Okawaru
Qazlal
Ru
Sif Muna
Trog
Uskayaw
Vehumet
Wu Jian
Xom
Yredelemnul

Annotations:
D:3 1 runed translucent door, Crazy Yiuf


Innate Abilities, Weirdness & Mutations

You are a creature with a mouth for a stomach.
Your midsection houses a second, enormous mouth.
Your maximum health is decreased, since you lack skill for your form.
You are mostly covered in large bone plates. (SH +6)
A weak demonic guardian rushes to your aid.
Your touch may inflict minor irresistible damage on your foes.
You are robust. (+10% HP)
Potions are less effective at restoring your health.
You occasionally lose the ability to drink potions when taking damage.


Message History

A fire crab comes into view.
A fire crab is nearby!
A fire crab is nearby!
An orc comes into view. It is wielding a +0 club.
The orc shouts!
You hear a shout!
The fire crab closely misses you. The fire crab misses you.
The orc moves out of view.
An orc wizard comes into view. It is wielding a +0 dagger.
The orc wizard shouts!
You punch the fire crab! You bite the fire crab.
The fire crab is moderately wounded.
The fire crab breathes flames at you. The blast of flame misses you.
You hit the fire crab but do no damage.
You bite the fire crab, but do no damage.
The fire crab is moderately wounded.
You are engulfed in blazing flames.
The fire crab changes into a cyclops!
Unknown command.
You hit the cyclops. You punch the cyclops!
The cyclops is moderately wounded.
You are engulfed in blazing flames.
Ouch! That really hurt!
* * * LOW HITPOINT WARNING * * *
A demonic guardian appears!
An orc comes into view. It is wielding a +0 short sword.
Aiming: Quicksilver Bolt
Press: ? - help, Shift-Dir - straight line, f - cyclops
Aim: a cyclops shaped shifter (flame, moderately wounded, ally target, 98% to hit)
The bolt of dispelling energy misses the cyclops.
The bolt of dispelling energy misses the orc wizard.
The bolt of dispelling energy hits the orc!
You kill the orc!
Cheibriados thoroughly appreciates the change of pace.
You hear a shout!
Your ufetubus hits the cyclops. x2
The cyclops is engulfed in blazing flames.
The cyclops hits you!!
You feel threatened and lose the ability to drink potions!
Ouch! That really hurt!
You die...

,,.......#,,,#....#
***#.....#,,,#....#
#.....#####....#
#..............#
#..............#
#..............#
####.............°#
.........######°°°#
########.# #°W°#*****
......,#.# #°C°°....#
......,#.# #5..°....#
......,#.#****#........#
##+###*#..,,,,.......###
....,,,...,,,..oo....#
....,,,.##***#.......#
....,,,.* #..)....#
....,,,,* *,,,,,,,*


You could see a cyclops shaped shifter (ally target), an orc wizard, an orc and
a friendly ufetubus (summoned).

Vanquished Creatures
  A two-headed ogre (D:9)
  Pikel (D:5)
  A hornet (D:9)
  Eustachio (D:6)
  3 yaks
  A water moccasin (D:7)
  An acid dragon (D:9)
  4 orc warriors
  A sky beast (D:7)
  2 ice beasts
  2 ogres (D:7)
  3 centaurs
  A phantom (D:7)
  3 kobold brigands
  4 bullfrogs
  2 scorpions
  9 wights (D:8)
  A killer bee (D:9)
  3 howler monkeys
  2 hounds (D:4)
  3 jellies
  3 orc priests
  Natasha (thrice) (D:3)
  4 iguanas
  5 orc wizards
  A sleepcap (D:6)
  9 adders
  A shadow imp (D:7)
  2 worms (D:3)
  2 dart slugs
  29 orcs
  2 ball pythons (D:4)
  7 bats
  7 endoplasms
  3 giant cockroaches
  4 goblins
  10 hobgoblins
  5 jackals
  4 quokkas
  5 frilled lizards
  25 kobolds
  6 rats
186 creatures vanquished.

Vanquished Creatures (collateral kills)
  A sky beast (D:8)
  A gnoll (D:9)
  A white imp (D:8)
  2 orcs (D:7)
5 creatures vanquished.

Grand Total: 191 creatures vanquished

Notes
Turn   | Place    | Note
-------+----------+-------------------------------------------
     0 | D:1      | Morbidden the Demonspawn Shapeshifter began the quest for
                  | the Orb.
     0 | D:1      | Reached XP level 1. HP: 16/16 MP: 1/1
   227 | D:1      | Gained mutation: You are partially covered in large bone
                  | plates. (SH +4) [demonic ancestry]
   227 | D:1      | Reached XP level 2. HP: 3/22 MP: 2/2
   972 | D:1      | Reached skill level 2 in Unarmed Combat
  1039 | D:1      | Reached XP level 3. HP: 25/27 MP: 3/3
  1632 | D:2      | HP: 1/28 [poisoned by an adder]
  2245 | D:3      | Gained mutation: You are mostly covered in large bone
                  | plates. (SH +6) [demonic ancestry]
  2245 | D:3      | Reached XP level 4. HP: 34/34 MP: 4/4
  2457 | D:3      | Noticed Natasha
  2469 | D:3      | Killed Natasha
  2485 | D:3      | Noticed Natasha
  2490 | D:3      | Killed Natasha
  2491 | D:3      | Reached skill level 3 in Unarmed Combat
  2491 | D:3      | Reached XP level 5. HP: 14/39 MP: 5/5
  2779 | D:3      | Reached skill level 1 in Shields
  3115 | D:3      | Noticed Natasha
  3118 | D:3      | Killed Natasha
  3161 | D:3      | Found a runed translucent door.
  3162 | D:3      | Noticed Crazy Yiuf
  3281 | D:4      | Reached XP level 6. HP: 27/46 MP: 6/6
  3475 | D:4      | Found a radiant altar of Vehumet.
  4306 | D:4      | Reached skill level 1 in Stealth
  4338 | D:4      | Reached skill level 4 in Unarmed Combat
  4339 | D:4      | Reached skill level 1 in Throwing
  4497 | D:4      | Gained mutation: A weak demonic guardian rushes to your
                  | aid. [demonic ancestry]
  4497 | D:4      | Reached XP level 7. HP: 19/52 MP: 7/7
  4940 | D:4      | Learned a level 2 spell: Wereblood
  5218 | D:5      | Entered Level 5 of the Dungeon
  5382 | D:5      | Noticed Pikel
  5430 | D:5      | Killed Pikel
  5431 | D:5      | Reached skill level 1 in Armour
  5431 | D:5      | Reached skill level 5 in Unarmed Combat
  5431 | D:5      | Reached skill level 1 in Spellcasting
  5431 | D:5      | Reached skill level 1 in Transmutations
  5431 | D:5      | Reached XP level 8. HP: 26/59 MP: 10/10
  6091 | D:6      | Noticed Eustachio
  6107 | D:6      | Killed Eustachio
  6663 | D:7      | Gained mutation: You occasionally lose the ability to drink
                  | potions when taking damage. [potion of mutation]
  6663 | D:7      | Gained mutation: You are robust. (+10% HP) [potion of
                  | mutation]
  6663 | D:7      | Gained mutation: Potions are less effective at restoring
                  | your health. [potion of mutation]
  6977 | D:7      | Reached skill level 6 in Unarmed Combat
  6977 | D:7      | Reached XP level 9. HP: 49/72 MP: 12/12
  7989 | D:5      | Found a staircase to the Ecumenical Temple.
  8009 | Temple   | Entered the Ecumenical Temple
  8156 | Temple   | Became a worshipper of Cheibriados the Contemplative
  8298 | D:5      | Found a bloodstained altar of Trog.
  8473 | D:8      | Reached skill level 5 in Shapeshifting
  8739 | D:8      | Found a shimmering altar of Xom.
  8859 | D:8      | Reached skill level 1 in Invocations
  8875 | D:8      | Reached * piety under Cheibriados
  8987 | D:8      | Reached skill level 1 in Evocations
  9463 | D:8      | Reached skill level 7 in Unarmed Combat
  9764 | D:9      | Gained mutation: Your touch may inflict minor irresistible
                  | damage on your foes. [demonic ancestry]
  9764 | D:9      | Reached XP level 10. HP: 46/80 MP: 14/14
  9799 | D:9      | Found a sparkling altar of Nemelex Xobeh.
  9802 | D:9      | Found a blossoming altar of Fedhas.
  9901 | D:9      | Found a hazy altar of Hepliaklqana.
  9919 | D:9      | Noticed a two-headed ogre
  9922 | D:9      | Reached ** piety under Cheibriados
  9928 | D:9      | Killed a two-headed ogre
  9929 | D:9      | Reached skill level 5 in Dodging
 10009 | D:9      | Reached skill level 5 in Fighting
 10217 | D:9      | Noticed a fire crab
 10223 | D:9      | a fire crab changed into a cyclops
 10223 | D:9      | Noticed a cyclops (shapeshifter)
 10225 | D:9      | Demolished by a cyclops (shapeshifter)

Illustrated notes

Levels and vault maps discovered:
D:1:      evilmike_arrival_grusome_pit, layout_loops_ring, serial_forest,
          infiniplex_forest_zigzag_1, infiniplex_forest_lined_2,
          infiniplex_forest_clump_small, infiniplex_forest_lined_room_2,
          infiniplex_forest_lined_room_3, infiniplex_forest_clump_small,
          infiniplex_forest_end_3
D:2:      layout_basic
D:3:      layout_rooms, minmay_misc_feat_cross, uniq_crazy_yiuf_cottage,
          uniq_natasha
D:4:      cheibrodos_thug_alley, layout_gridville, mainiacjoe_overflow_alcove_2
D:5:      wad_lake_hut, layout_loops_cross, kennysheep_little_box,
          minmay_temple_entry_trees, uniq_pikel
D:6:      layout_rooms, uniq_eustachio
D:7:      layout_basic, minivault_27, nicolae_nh_ransacked_shop
D:8:      layout_gridville, mainiacjoe_overflow_surrounded_room,
          nicolae_fountain_basement
D:9:      layout_irregular_city, grunt_temple_overflow_open, st_stairs_2
Temple:   eino_temple_rhombus

Skill      XL: |  1  2  3  4  5  6  7  8  9 10 |
---------------+-------------------------------+-----
Shapeshifting  | 3 4 5 |  5.4
Unarmed Combat | 2 3 4 5 6 7 |  7.7
Dodging        | 2 3 4 5 |  5.0
Shields        | 1 2 |  2.3
Fighting       | 3 4 5 |  5.1
Stealth        | 1 |  1.5
Throwing       | 1 2 4 |  4.4
Armour         | 1 2 3 |  3.0
Spellcasting   | 1 2 3 |  3.1
Transmutations | 1 |  1.9
Invocations    | 2 3 |  3.2
Evocations     | 1 |  1.3

Action                     |  1- 3 |  4- 6 |  7- 9 | 10-12 || total
---------------------------+-------+-------+-------+-------++-------
  Melee: Unarmed           |   177 |   213 |   369 |    37 ||   796
         Punch             |     4 |     4 |    17 |     2 ||    27
         Constrict         |       |       |     6 |     3 ||     9
         Touch             |       |       |       |     5 ||     5
         Maw               |       |       |       |     3 ||     3
  Throw: Dart              |       |     5 |     8 |       ||    13
         Stone             |       |    14 |     2 |       ||    16
  Evoke: Wand              |       |       |     8 |     1 ||     9
    Use: Potion            |     3 |     4 |     2 |       ||     9
         Scroll            |       |       |    13 |       ||    13
   Stab: Sleeping          |     1 |     1 |     2 |     1 ||     5
         Distracted        |       |     1 |       |       ||     1
 Armour: Animal skin       |    36 |    12 |       |       ||    48
         Skin              |     1 |       |     3 |     5 ||     9
         Scale mail        |       |    27 |   106 |     8 ||   141
  Dodge: Dodged            |   128 |   120 |   138 |    23 ||   409
  Block: Other             |    38 |    65 |    75 |     5 ||   183
   Form: Anaconda          |       |     1 |     1 |     1 ||     3
         Beast             |       |     1 |     1 |     1 ||     3
         Maw               |       |       |     1 |     1 ||     2

Table legend: (Time is in decaauts)
 A = Elapsed time spent in this place.
 B = Non-inter-level travel time spent in this place.
 C = Inter-level travel time spent in this place.
 D = Time resting spent in this place.
 E = Time spent auto-exploring this place.
 F = Levels seen in this place.
 G = Mean time per level.
                   A        B        C        D        E       F      G
               +--------+--------+--------+--------+--------+-----+--------+
         Total |  10681 |  10000 |    681 |   2002 |   6173 |  10 | 1068.1 |
       Dungeon |  10520 |   9851 |    669 |   2002 |   6046 |   9 | 1168.9 |
        Temple |    161 |    149 |     12 |      0 |    127 |   1 |  161.0 |
               +--------+--------+--------+--------+--------+-----+--------+

Top non-repeatable levels by time:
     D:4: 2200 daAuts
     D:8: 1544 daAuts
     D:1: 1462 daAuts
     D:7: 1239 daAuts
     D:5: 988 daAuts
     D:3: 936 daAuts
     D:2: 888 daAuts
     D:9: 720 daAuts
     D:6: 539 daAuts
  Temple: 161 daAuts
